 Dungeon Crawl Stone Soup version 0.25-a0-843-g6944ee31a2 (webtiles) character file.

Game seed: 9074938904899344189, levelgen mode: deterministic

219 Glorfindel the Ruffian (level 5, -1/32 HPs)
             Began as a Gargoyle Monk on Apr 26, 2020.
             Was an Initiate of Gozag.
             Killed by divine providence
             ... invoked by an orc priest
              (15 damage)
             ... on level 4 of the Dungeon.
             The game lasted 00:21:23 (2822 turns).

Glorfindel the Ruffian (Gargoyle Monk)              Turns: 2822, Time: 00:21:23

Health: -1/32      AC: 19    Str: 15    XL:     5   Next: 96%
Magic:  5/5        EV:  9    Int: 11    God:    Gozag
Gold:   10         SH:  0    Dex: 12    Spells: 4/4 levels left

rFire    + + .     SeeInvis .     - Unarmed
rCold    x . .     Gourm    .   (no shield)
rNeg     + . .     Faith    .   l - +0 fire dragon scales
rPois    ∞         Spirit   .   (no helmet)
rElec    +         Reflect  .   A - +2 cloak
rCorr    .         Harm     .   g - +1 pair of gloves
MR       .....                  p - +0 pair of boots
Stlth    ..........             (no amulet)
HPRegen  0.10/turn              (no ring)
MPRegen  0.09/turn              (no ring)

@: brilliant
A: negative energy resistance 1, electricity resistance, unbreathing,
petrification resistance, rot immunity, AC +4
a: Potion Petition, Call Merchant, Bribe Branch, Renounce Religion


You were on level 4 of the Dungeon.
You worshipped Gozag.
Gozag was noncommittal.
You were not hungry.

You visited 1 branch of the dungeon, and saw 4 of its levels.

You collected 182 gold pieces.
You spent 172 gold pieces at shops.

Inventory:

Hand Weapons
 n - a cursed -3 hand axe {!w}
Missiles
 d - 161 stones (quivered)
 h - 51 arrows
Armour
 a - a +0 robe
 g - a +1 pair of gloves (worn)
 l - +0 fire dragon scales (worn)
 p - a +0 pair of boots (worn)
 x - a +2 kite shield {!w}
 y - a +0 plate armour
 A - a +2 cloak (worn)
 C - a +1 robe of positive energy {!W}
Jewellery
 r - a cursed ring of attention {unknown}
Scrolls
 c - a scroll of teleportation {unknown}
 j - 2 scrolls of enchant weapon {unknown}
 k - 3 scrolls of identify {unknown}
 m - a scroll of fear {unknown}
 q - a scroll of enchant armour {unknown}
 w - a scroll of remove curse {unknown}
 B - a scroll of immolation {unknown}
Potions
 e - a potion of flight {unknown}
 f - a potion of haste {unknown}
 i - a potion of might {unknown}
 o - a potion of brilliance
 s - a potion of lignification {unknown}
 t - a potion of invisibility {unknown}
 u - a potion of magic {unknown}
 z - a potion of curing {unknown}
Comestibles
 b - 8 rations


   Skills:
 + Level 3.3 Fighting
 - Level 4.0 Armour
 - Level 2.4 Dodging
 - Level 2.1 Stealth
 + Level 5.1 Unarmed Combat


You had 4 spell levels left.
You didn't know any spells.
Your spell library was empty.

Dungeon Overview and Level Annotations

Branches:
Dungeon (4/15)
 Temple: D:4-7

Altars:
Elyvilon
Gozag
Trog
Uskayaw
The Shining One

Shops:
D:4 [

Annotations:
D:1 exclusion: downstairs
D:4 exclusion: upstairs


Innate Abilities, Weirdness & Mutations

You are resistant to torment.
Your stone body is resilient. (AC +4)
You are immune to poison.
You resist negative energy. (rN+)
You are resistant to electric shocks. (rElec)
You can survive without breathing.
You are immune to petrification.
You are immune to rotting.


Message History

The orc priest shouts!
You hear a shout! x2; You hear an angry hiss.
The orc priest miscasts a cantrip.
An orc wizard comes into view. It is wielding a -3 dagger.
The orc priest invokes the aid of Beogh against you.
Beogh smites you!
The orc wizard shouts!
You completely miss the orc priest. You barely miss the orc priest.
The orc priest mumbles some strange prayers to Beogh against you.
Pain shoots through your body!
You closely miss the orc priest.
The orc wizard gestures at you while chanting.
The magic dart hits you.
* * * LOW HITPOINT WARNING * * *
It was a potion of brilliance.
You feel clever all of a sudden.
The orc priest invokes the aid of Beogh against you.
Beogh smites you!
You die...
Your body crumbles into a pile of gold.

#######..).......................
#.................############...
#......###........# #...####
#.................# ####....# #.
#....###......#.>.## #[....# #.
#....# ###...##...###.#.### #.
#....# #...##.......#.# #. .....#
#.).####..#....#### ## .....#
#.).o@...###.....# ...###
#.!..##.## #.###.##### #### ###.o
#.# #.......... #... #..
#.###....## #... ##.. ..# ####..#
.... #...## ##.. ..#.. ... ..
#####. #.## ##


You could see an orc priest and an orc wizard.

Vanquished Creatures
  A hound (D:4)
  A bullfrog skeleton (D:3)
  2 worker ants (D:4)
  7 adders
  A leopard gecko (D:1)
  7 goblins
  8 hobgoblins
  2 quokkas
  A ball python (D:2)
  9 bats
  5 frilled lizards
  6 kobolds
  5 rats
55 creatures vanquished.

Notes
Turn   | Place    | Note
-------+----------+-------------------------------------------
     0 | D:1      | Glorfindel the Gargoyle Monk began the quest for the Orb.
     0 | D:1      | Reached XP level 1. HP: 14/14 MP: 1/1
   161 | D:1      | //+1 gloves
   220 | D:1      | Reached XP level 2. HP: 19/19 MP: 2/2
   574 | D:1      | //fire DS!?
   601 | D:1      | Reached skill level 4 in Unarmed Combat
   826 | D:2      | Reached XP level 3. HP: 16/23 MP: 3/3
   827 | D:2      | //Str
  1086 | D:2      | //boots
  1159 | D:2      | Reached skill level 1 in Armour
  1350 | D:2      | Reached XP level 4. HP: 28/28 MP: 4/4
  1718 | D:2      | Found a white marble altar of Elyvilon.
  2006 | D:3      | //shield
  2091 | D:3      | Found a hide-covered altar of Uskayaw.
  2221 | D:3      | Found a bloodstained altar of Trog.
  2249 | D:3      | //[nf ho]
  2417 | D:3      | Reached skill level 5 in Unarmed Combat
  2417 | D:3      | Reached XP level 5. HP: 25/32 MP: 5/5
  2564 | D:4      | Noticed a phantom
  2648 | D:4      | Found Kikingol's Antique Armour Emporium.
  2656 | D:4      | Found a glowing golden altar of the Shining One.
  2668 | D:4      | Found an opulent altar of Gozag.
  2707 | D:4      | Became a worshipper of Gozag Ym Sagoz the Greedy
  2776 | D:4      | Bought a glowing cloak for 172 gold pieces
  2781 | D:4      | //+2 cloak -> 19/9
  2822 | D:4      | Killed from afar by an orc priest

Levels and vault maps discovered:
D:1:      mushboom_english_gardens, layout_loops_corners, chequers_big_river
D:2:      minmay_recursive_quarters, layout_basic, lemuel_crystal_altar,
          first_ration
D:3:      layout_loops_ring, old_standard_altar, lemuel_doored_altar,
          serial_glass, glass_columns_a, glass_columns_c
D:4:      layout_rooms, nicolae_overflow_hidden_temple,
          yredelemnul_forgotten_temple_becter, nicolae_gozag_seed_capital,
          kennysheep_mini, serial_shops, shop, minmay_misc_feat_columns

Skill      XL: |  1  2  3  4  5 |
---------------+----------------+-----
Unarmed Combat | 4 5 |  5.1
Armour         | 1 2 4 |  4.0
Fighting       | |  3.3
Dodging        | |  2.4
Stealth        | |  2.1

Action                   |  1- 3 |  4- 6 || total
-------------------------+-------+-------++-------
Melee: Unarmed           |   126 |   128 ||   254
       Punch             |     1 |     2 ||     3
  Use: Potion            |       |     1 ||     1
 Stab: Sleeping          |     2 |       ||     2
  Eat: Chunk             |     1 |     5 ||     6
Armor: Robe              |    18 |       ||    18
       Fire dragon scale |    72 |    51 ||   123
Dodge: Dodged            |    86 |    57 ||   143

Table legend:
 A = Non-vault XP
 B = Vault XP
 C = Vault XP percentage of total XP
 D = Non-vault monster count
 E = Vault monster count
 F = Vault count percentage of total count
                 A         B        C        D         E       F
            +---------+---------+-------+---------+---------+-------
      Total |     298 |      15 |   4.8 |      52 |       3 |   5.5
            +---------+---------+-------+---------+---------+-------
        D:1 |      31 |       0 |   0.0 |      19 |       0 |   0.0
        D:2 |      89 |      15 |  14.4 |      19 |       3 |  13.6
        D:3 |      50 |       0 |   0.0 |       9 |       0 |   0.0
        D:4 |     128 |       0 |   0.0 |       5 |       0 |   0.0
            +---------+---------+-------+---------+---------+-------
